 Dungeon Crawl Stone Soup version 0.28-a0-653-g7e9dba17c3 (webtiles) character file.

Game seed: 13085079245569880690

23 Ijustatesigmund the Nimble (level 3, -2/31 HPs)
             Began as a Gnoll Wanderer on Oct 12, 2021.
             Succumbed to an adder's poison
             ... on level 2 of the Dungeon.
             The game lasted 00:02:43 (1144 turns).

Ijustatesigmund the Nimble (Gnoll Wanderer)         Turns: 1144, Time: 00:02:43

Health: -2/31      AC:  6    Str: 15    XL:     3   Next: 0%
Magic:  3/3        EV: 14    Int:  9    God:
Gold:   14         SH:  0    Dex: 10    Spells: 3/3 levels left

rFire   . . .      SeeInvis .   a - +0 mace
rCold   . . .      Faith    .   (no shield)
rNeg    . . .      Spirit   .   b - +2 leather armour
rPois   .          Reflect  .   (no helmet)
rElec   .          Harm     .   (no cloak)
rCorr   .          Rampage  .   e - +0 pair of gloves
Will    .....                   (no boots)
Stlth   ++........              (no amulet)
HPRegen 0.10/turn               (no ring)
MPRegen 0.08/turn               (no ring)

@: brilliant, lethally poisoned (-2 -> -13), attractive
A: fangs 1, strong nose, distributed training
a: no special abilities


You were on level 2 of the Dungeon.
You visited 1 branch of the dungeon, and saw 2 of its levels.

You collected 14 gold pieces.

Inventory:

Hand Weapons
 a - a +0 mace (weapon)
 d - a +0 dagger
Armour
 b - a +2 leather armour (worn)
 e - a +0 pair of gloves (worn)
Scrolls
 c - a scroll of teleportation
 f - 3 scrolls of noise {unknown}
Potions
 h - a potion of magic


   Skills:
 + Level 4.5 Fighting
 + Level 0.5 Short Blades
 + Level 0.5 Long Blades
 + Level 0.5 Axes
 + Level 2.5 Maces & Flails
 + Level 0.5 Polearms
 + Level 0.5 Staves
 + Level 0.5 Slings
 + Level 0.5 Bows
 + Level 0.5 Crossbows
 + Level 2.5 Throwing
 + Level 0.5 Armour
 + Level 8.5 Dodging
 + Level 4.1 Stealth
 + Level 0.5 Shields
 + Level 0.5 Unarmed Combat
 + Level 0.5 Spellcasting
 + Level 0.4 Conjurations
 + Level 0.4 Hexes
 + Level 0.4 Summonings
 + Level 0.4 Necromancy
 + Level 0.4 Translocations
 + Level 0.4 Transmutations
 + Level 0.4 Fire Magic
 + Level 0.4 Ice Magic
 + Level 0.4 Air Magic
 + Level 0.4 Earth Magic
 + Level 0.4 Poison Magic
 + Level 0.7 Invocations
 + Level 0.5 Evocations


You had 3 spell levels left.
You didn't know any spells.
Your spell library was empty.

Dungeon Overview and Level Annotations

Branches:
Dungeon (2/15)

Altars:

Shops:
D:2 *:?


Innate Abilities, Weirdness & Mutations

You have very sharp teeth.
Your uncanny sense of smell can sniff out nearby items.
Your experience applies equally to all skills.


Message History

You are poisoned.
The adder poisons you! The adder bites you but does no damage.
You sock the adder!
The adder is severely wounded.
You feel sick. The adder barely misses you. The adder closely misses you.
You closely miss the adder. Your bite misses the adder.
The adder is severely wounded.
You feel sick. The adder bites you.
You are more poisoned.
The adder poisons you!
You closely miss the adder. Your bite misses the adder.
The adder is severely wounded.
You feel very sick. The adder closely misses you. The adder barely misses you.
You hit the adder but do no damage.
The adder is severely wounded.
You feel sick. The adder bites you. x2
You are too injured to fight recklessly!
An adder is nearby!
It was a potion of attraction.
You feel attractive to monsters.
You feel sick. The adder bites you.
* * * LOW HITPOINT WARNING * * *
You are lethally poisoned!
The adder poisons you!
It was a potion of brilliance.
You feel clever all of a sudden.
* * * LOW HITPOINT WARNING * * *
You feel sick. The adder bites you.
* * * LOW HITPOINT WARNING * * *
You are more poisoned.
The adder poisons you!
You barely miss the adder. Your bite misses the adder.
The adder is severely wounded.
* * * LOW HITPOINT WARNING * * *
You feel very sick. The adder bites you but does no damage.
The adder closely misses you.
You miss the adder.
The adder is severely wounded.
You die...

###.........# #.#
#####.# #.........#
#.# #.^.#.#
#(........# #.#
#.#.#.# ###########
#####.# #.#.#.#
#.....# #.#....
#####.##### #.###.#
#...#.# #.....#
#...+.# #..####
#..@.## ####.>..##
##S#..#####....##.#.
#.##....8...####.#.
#. #...8.8..#......
#. ##.8...8.#.#####
#. #8..∩..8#......
#. #.8...8.###..##
.. #..8.8....#...)
#...8...#.#.###


You could see an adder.

Vanquished Creatures
  A dart slug (D:2)
  2 ball pythons (D:2)
  An endoplasm (D:2)
  2 goblins (D:2)
  3 hobgoblins (D:2)
  3 kobolds
  A quokka (D:1)
  3 bats (D:2)
  2 frilled lizards
  2 rats
20 creatures vanquished.

Notes
Turn   | Place    | Note
-------+----------+-------------------------------------------
     0 | D:1      | Ijustatesigmund the Gnoll Wanderer began the quest for the
                  | Orb.
     0 | D:1      | Ijustatesigmund set off with the following items: a +0
                  | mace, a +2 leather armour, a scroll of teleportation, a +0
                  | dagger
     0 | D:1      | Reached XP level 1. HP: 20/20 MP: 1/1
   185 | D:2      | Reached XP level 2. HP: 13/26 MP: 2/2
   348 | D:1      | HP: 1/26 [gnoll (4)]
   694 | D:2      | Found Tiozetes's General Store.
   747 | D:2      | Found Joxzunk's Magic Scroll Shoppe.
   823 | D:2      | Reached XP level 3. HP: 15/31 MP: 3/3
   982 | D:2      | Found Gais's Book Boutique.
  1143 | D:2      | HP: 1/31 [poisoned by an adder]
  1144 | D:2      | Succumbed to an adder's poison

Illustrated notes

Levels and vault maps discovered:
D:1:      tarquinn_simple_flora_water_a, layout_loops_ring
D:2:      layout_basic, serial_shops, shop, nicolae_diamond_shop,
          nicolae_shop_trees, shop, nicolae_shop_waterfront,
          nrook_mini_backslash, uniq_terence, uniq_natasha

Action                   || total
-------------------------++-------
Melee: Mace              ||    75
       Bite              ||     5
       Punch             ||     1
  Use: Scroll            ||     3
       Potion            ||     2
 Stab: Sleeping          ||     4
Armor: Leather armour    ||    33
Dodge: Dodged            ||    73

Table legend: (Time is in decaauts)
 A = Elapsed time spent in this place.
 B = Non-inter-level travel time spent in this place.
 C = Inter-level travel time spent in this place.
 D = Time resting spent in this place.
 E = Time spent auto-exploring this place.
 F = Levels seen in this place.
 G = Mean time per level.
                   A        B        C        D        E       F      G
               +--------+--------+--------+--------+--------+-----+--------+
         Total |   1166 |   1166 |      0 |    613 |    365 |   2 |  583.0 |
       Dungeon |   1166 |   1166 |      0 |    613 |    365 |   2 |  583.0 |
               +--------+--------+--------+--------+--------+-----+--------+

Top non-repeatable levels by time:
     D:2: 972 daAuts
     D:1: 193 daAuts
